 Dungeon Crawl Stone Soup version 0.30.1-11-g7821555f0a (webtiles) character file.

Game seed: 16131048481234723267

1339 lonewolfV2 the Trooper (level 8, -7/64 HPs)
             Began as a Formicid Fighter on Nov 9, 2023.
             Was an Elder of Jiyva.
             Mangled by a troll (10 damage)
             ... on level 7 of the Dungeon.
             The game lasted 00:05:59 (4372 turns).

lonewolfV2 the Trooper (Formicid Fighter)           Turns: 4372, Time: 00:06:00

Health: -7/64      AC: 10    Str: 21    XL:     8   Next: 93%
Magic:  8/8        EV: 12    Int: 11    God:    Jiyva [****..]
Gold:   140        SH:  6    Dex: 17    Spells: 7/7 levels left

rFire   + + +        a - +3 war axe
rCold   . . .        c - +1 buckler
rNeg    . . .        b - +0 scale mail
rPois   .            (helmet unavailable)
rElec   .            p - +0 cloak of the Hall of Blades {Int+3}
rCorr   +            (no gloves)
SInv    +            (no boots)
Will    .....        (no amulet) Stlth
                     f - +4 ring of slaying
HPRegen 1.58/turn    (no ring)
MPRegen 0.51/turn

%: no passive effects
@: mighty, invisible
A: permanent stasis, dig shafts and tunnels, antennae 3, four strong arms, claws
1, iridescent scales 1, agile 1, fire resistance 3, engulf
a: Dig, Shaft Self, Renounce Religion, Oozemancy, Slimify


You were on level 7 of the Dungeon.
You worshipped Jiyva.
Jiyva was greatly pleased with you.
You visited 1 branch of the dungeon, and saw 7 of its levels.

You collected 140 gold pieces.

Inventory:

Hand Weapons
 a - a +3 war axe (weapon)
Armour
 b - a +0 scale mail (worn)
 c - a +1 buckler (worn)
 p - the +0 cloak of the Hall of Blades (worn) {Int+3}
   (You found it on level 6 of the Dungeon)

   Int:       It affects your intelligence (+3).
Jewellery
 f - a +4 ring of slaying (left claw)
 n - a ring of fire
Wands
 k - a wand of light (7)
 o - a wand of polymorph (6)
Scrolls
 g - 2 scrolls of amnesia
Potions
 e - a potion of attraction {unknown}
 h - 2 potions of haste
 i - 3 potions of berserk rage
 j - 2 potions of flight


   Skills:
 + Level 6.1 Fighting
 - Level 2.0 Axes
 - Level 4.7 Armour
 * Level 6.1 Dodging
 - Level 4.0 Shields
 * Level 5.3 Evocations


You had 7 spell levels left.
You didn't know any spells.
Your spell library contained the following spells:

 Spells                   Type           Power      Damage    Failure   Level
 Magic Dart               Conj           0%         1d3       75%         1
 Shock                    Conj/Air       0%         1d3       75%         1
 Slow                     Hex            0%         N/A       75%         1
 Searing Ray              Conj           0%         2d4       86%         2
 Confusing Touch          Hex            0%         N/A       98%         3
 Vampiric Draining        Necr           0%         2d6       98%         3
 Airstrike                Air            0%         2d(0-16)  100%        4
 Fulminant Prism          Conj/Hex       0%         3d5       100%        4
 Swiftness                Air            Unusable   N/A       N/A         3

Dungeon Overview and Level Annotations

Branches:
Dungeon (7/15)             Temple (0/1) D:5

Altars:
Dithmenos
Fedhas
Gozag
Okawaru
Ru
Sif Muna
Trog
Wu Jian
The Shining One
Jiyva


Innate Abilities, Weirdness & Mutations

You cannot be hasted, slowed, berserked, paralysed or teleported.
You can dig through walls and to a lower floor.
You have a pair of large antennae on your head. (SInv)
Your four strong arms can wield two-handed weapons with a shield.
You have sharp fingernails.
You are partially covered in iridescent scales. (AC +2)
You are agile. (Dex +4, Str/Int -1)
Your flesh is almost immune to the effects of heat. (rF+++)
Your melee attacks may engulf your foes in ooze.


Message History

The troll bites you!
* * * LOW HITPOINT WARNING * * *
The troll barely misses you. The troll claws you.
* * * LOW HITPOINT WARNING * * *
You hit the troll.
The troll is moderately wounded.
You slash the water moccasin!
You engulf the water moccasin in ooze!
You hit the orc priest.
You kill the orc priest!
You block the water moccasin's attack. You block the troll's attack. x2
The troll closely misses you.
The water moccasin bites you but does no damage.
You feel very mighty all of a sudden. The orc completely misses you.
The troll bites you!
* * * LOW HITPOINT WARNING * * *
The troll claws you.
* * * LOW HITPOINT WARNING * * *
You block the troll's attack.
The water moccasin bites you but does no damage.
You hear a slurping noise.
It was a potion of curing.
You feel better.
The water moccasin bites you but does no damage.
The troll bites you but does no damage. The troll misses you.
The troll claws you!
* * * LOW HITPOINT WARNING * * *
The water moccasin bites you.
* * * LOW HITPOINT WARNING * * *
You are lethally poisoned!
The water moccasin poisons you!
You feel better. You block the orc's attack. You block the troll's attack.
The troll completely misses you. The troll claws you!
* * * LOW HITPOINT WARNING * * *
The orc hits you with a +0 whip.
* * * LOW HITPOINT WARNING * * *
The water moccasin barely misses you.
It was a potion of invisibility.
You fade into invisibility!
You block the water moccasin's attack. The orc closely misses you.
The troll bites you!
You die...

####### #.....#
####.....#####
.............#######
.#.#...†.#..........
#.....#.#.########
###.###...J.oo)..####
#<........T@S......
#####.#.######.####
#..#.# # { ....#.#
###.##$# .. ..# ##
###


You could see a troll (unable to see you), a water moccasin (unable to see you,
engulfed), 2 orcs and a neutral jelly (wandering) (fellow slime).

Vanquished Creatures
  Sigmund (D:2)
  A sky beast (D:7)
  An ogre (D:4)
  A centaur (D:6)
  A bullfrog (D:7)
  2 scorpions (D:5)
  3 wights (D:6)
  4 hounds
  3 orc priests
  A sleepcap (D:5)
  Natasha (twice) (D:3)
  4 orc wizards
  An iguana (D:6)
  Ijyb (D:3)
  Robin (D:3)
  5 adders
  5 gnolls
  11 orcs
  An endoplasm (D:1)
  2 giant cockroaches
  13 goblins
  7 hobgoblins
  A quokka (D:2)
  6 ball pythons
  5 bats
  3 frilled lizards
  4 kobolds
  5 rats
95 creatures vanquished.

Vanquished Creatures (others)
  A scorpion (D:5)
  2 jellies
  A hound (D:5)
  Natasha (D:3)
  3 adders
  2 shadow imps
  3 orcs
  A giant cockroach (D:3)
  7 goblins
  2 hobgoblins (D:3)
  2 ball pythons
25 creatures vanquished.

Grand Total: 120 creatures vanquished

Notes
Turn   | Place    | Note
-------+----------+-------------------------------------------
     0 | D:1      | lonewolfV2 the Formicid Fighter began the quest for the
                  | Orb.
     0 | D:1      | Reached XP level 1. HP: 18/18 MP: 1/1
   111 | D:1      | Reached XP level 2. HP: 21/24 MP: 2/2
   232 | D:1      | You fall into a shaft and drop 1 floor!
   242 | D:2      | Reached skill level 1 in Dodging
   817 | D:1      | Found a faded altar of an unknown god.
   823 | D:1      | Prayed at the altar of an unknown god.
   823 | D:1      | Became a worshipper of Jiyva Jipifob the Shapeless
   823 | D:1      | Reached * piety under Jiyva
  1027 | D:2      | Reached XP level 3. HP: 29/29 MP: 3/3
  1358 | D:2      | Noticed Sigmund
  1380 | D:2      | Killed Sigmund
  1381 | D:2      | Reached XP level 4. HP: 32/38 MP: 4/4
  1381 | D:2      | Reached XP level 5. HP: 36/43 MP: 5/5
  1444 | D:2      | Reached ** piety under Jiyva
  1542 | D:3      | Noticed Natasha
  1547 | D:3      | Killed Natasha
  1548 | D:3      | Reached XP level 6. HP: 49/49 MP: 6/6
  1603 | D:3      | Noticed Ijyb
  1611 | D:3      | Killed Ijyb
  1713 | D:3      | Noticed Natasha
  1724 | D:3      | Killed Natasha
  1795 | D:3      | Found a shimmering blue altar of Sif Muna.
  1799 | D:3      | Found a shadowy altar of Dithmenos.
  1799 | D:3      | Found a sacrificial altar of Ru.
  1803 | D:3      | Found an ornate altar of the Wu Jian Council.
  1842 | D:3      | Killed Natasha
  2130 | D:3      | Noticed Robin
  2134 | D:3      | Killed Robin
  2186 | D:3      | Reached *** piety under Jiyva
  2464 | D:4      | Gained mutation: Your melee attacks may engulf your foes in
                  | ooze. [Jiyva's grace]
  2464 | D:4      | Gained mutation: You are agile. (Dex +4, Str/Int -1)
                  | [Jiyva's grace]
  2464 | D:4      | Gained mutation: You are very agile. (Dex +8, Str/Int -2)
                  | [Jiyva's grace]
  2464 | D:4      | Gained mutation: You are partially covered in iridescent
                  | scales. (AC +2) [Jiyva's grace]
  2522 | D:4      | Reached skill level 1 in Evocations
  2522 | D:4      | Reached XP level 7. HP: 55/55 MP: 7/7
  2801 | D:4      | Reached **** piety under Jiyva
  2910 | D:4      | Reached skill level 5 in Fighting
  3137 | D:5      | Entered Level 5 of the Dungeon
  3433 | D:5      | Found a staircase to the Ecumenical Temple.
  3697 | D:5      | Reached XP level 8. HP: 62/62 MP: 8/8
  3918 | D:6      | Identified the +0 cloak of the Hall of Blades {Int+3}
  3940 | D:6      | Reached skill level 5 in Dodging
  3964 | D:6      | Found a blossoming altar of Fedhas.
  4008 | D:6      | Lost mutation: You are very agile. (Dex +8, Str/Int -2)
                  | [Jiyva's grace]
  4008 | D:6      | Gained mutation: Your flesh is heat resistant. (rF+)
                  | [Jiyva's grace]
  4008 | D:6      | Gained mutation: Your flesh is very heat resistant. (rF++)
                  | [Jiyva's grace]
  4008 | D:6      | Gained mutation: Your flesh is almost immune to the effects
                  | of heat. (rF+++) [Jiyva's grace]
  4008 | D:6      | Gained mutation: You have sharp fingernails. [Jiyva's
                  | grace]
  4131 | D:6      | Found a glowing golden altar of the Shining One.
  4162 | D:6      | Found an opulent altar of Gozag.
  4209 | D:6      | Found a bloodstained altar of Trog.
  4210 | D:6      | Found an iron altar of Okawaru.
  4344 | D:7      | Reached skill level 5 in Evocations
  4358 | D:7      | Noticed a troll
  4369 | D:7      | HP: 3/64 [troll (11)]
  4369 | D:7      | HP: 1/64 [troll (2)]
  4372 | D:7      | Mangled by a troll

Illustrated notes

Levels and vault maps discovered:
D:1:      grunt_arrival_crossed_arrows, layout_basic,
          hellmonk_ecumenical_altar_heavens_door, palyth_stone_intersect,
          minmay_tetromino_t2
D:2:      layout_basic, uniq_sigmund
D:3:      layout_loops_corners, grunt_temple_overflow_open, bh_walls_and_bars,
          uniq_ijyb, uniq_natasha, uniq_robin
D:4:      layout_loops_corners
D:5:      layout_loops_ring, minmay_temple_entry_mini_moons,
          minmay_misc_feat_alley
D:6:      layout_gridville, lemuel_doored_altar, nicolae_gozag_seed_capital,
          old_standard_altar, grunt_temple_overflow_bloody_war
D:7:      layout_loops_ring, enter_bailey_3, kennysheep_generic_room_11

Skill      XL: |  1  2  3  4  5  6  7  8 |
---------------+-------------------------+-----
Dodging        | 1 3 4 6 |  6.1
Fighting       | 4 5 6 |  6.1
Armour         | 4 |  4.7
Evocations     | 1 3 5 |  5.3
Axes           | |  2.0
Shields        | |  4.0

Action                     |  1- 3 |  4- 6 |  7- 9 || total
---------------------------+-------+-------+-------++-------
  Melee: War axe           |    71 |    83 |    90 ||   244
Ability: Dig               |       |       |     1 ||     1
    Use: Scroll            |       |     6 |     3 ||     9
         Potion            |       |       |     4 ||     4
 Armour: Scale mail        |    38 |    37 |    47 ||   122
  Dodge: Dodged            |    39 |    49 |    82 ||   170
  Block: Buckler           |    22 |    30 |    47 ||    99
